 Dungeon Crawl Stone Soup version 0.28-a0-1130-gc51a68064b (webtiles) character file.

Game seed: 11112451404655945897

1429 siradein the Covered (level 8, -5/71 HPs)
             Began as a Minotaur Fighter on Dec 13, 2021.
             Was a Believer of Yredelemnul.
             Slain by an orc warrior (7 damage)
             ... on level 6 of the Dungeon.
             The game lasted 00:15:50 (5677 turns).

siradein the Covered (Minotaur Fighter)             Turns: 5677, Time: 00:15:51

Health: -5/71      AC: 14    Str: 21    XL:     8   Next: 44%
Magic:  16/16      EV:  8    Int:  5    God:    Yredelemnul [**....]
Gold:   338        SH:  5    Dex: 12    Spells: 7/7 levels left

rFire   . . .      SeeInvis .   a - +0 long sword
rCold   . . .      Faith    .   c - +0 buckler
rNeg    . . .      Spirit   .   m - +0 chain mail
rPois   +          Reflect  .   (helmet restricted)
rElec   .          Harm     .   k - +1 cloak
rCorr   .          Rampage  +   (no gloves)
Will    .....                   y - +0 pair of boots {rampage}
Stlth   ..........              (no amulet)
HPRegen 0.21/turn               s - ring of magical power
MPRegen 0.15/turn               A - ring of poison resistance

@: studying Fire Magic
A: horns 2, retaliatory headbutt
a: Renounce Religion, Recall Undead Harvest, Dark Bargain


You were on level 6 of the Dungeon.
You worshipped Yredelemnul.
Yredelemnul was noncommittal.
You visited 2 branches of the dungeon, and saw 7 of its levels.

You collected 338 gold pieces.

Inventory:

Hand Weapons
 a - a +0 long sword (weapon)
Missiles
 i - 2 throwing nets (quivered)
Armour
 c - a +0 buckler (worn)
 k - a +1 cloak (worn)
 m - a +0 chain mail (worn)
 y - a +0 pair of boots of rampaging (worn)
Jewellery
 s - a ring of magical power (left hand)
 A - a ring of poison resistance (right hand)
Wands
 x - a wand of acid (5)
 B - a wand of flame (15)
Scrolls
 b - a scroll of vulnerability {unknown}
 e - 2 scrolls of immolation {unknown}
 f - a scroll of noise {unknown}
 h - 3 scrolls of teleportation {unknown}
 j - a scroll of enchant armour {unknown}
 l - a scroll of enchant weapon {unknown}
 q - 3 scrolls of identify {unknown}
 t - a scroll of amnesia {unknown}
 v - a scroll of holy word {unknown}
 w - a scroll of acquirement {unknown}
 z - a scroll of blinking {unknown}
 C - a scroll of fear {unknown}
Potions
 d - a potion of might
 g - a potion of mutation {unknown}
 n - 4 potions of brilliance {unknown}
 o - 2 potions of heal wounds {unknown}
 p - a potion of flight {unknown}
 r - a potion of haste {unknown}
 u - a potion of lignification {unknown}


   Skills:
 + Level 6.9 Fighting
 + Level 6.4 Long Blades
 + Level 7.0 Armour
 + Level 7.0 Shields
 + Level 1.1 Invocations
 + Level 2.1 Evocations


You had 7 spell levels left.
You didn't know any spells.
Your spell library contained the following spells:

 Spells                   Type           Power      Damage    Failure   Level
 Ensorcelled Hibernation  Hex/Ice        0%         N/A       99%         2
 Scorch                   Fire           0%         2d5       99%         2
 Spider Form              Tmut/Pois      0%         N/A       100%        3
 Flame Wave               Conj/Fire      0%         2d4       100%        4
 Summon Cactus Giant      Summ           0%         N/A       100%        6


Dungeon Overview and Level Annotations

Branches:
Dungeon (6/15)             Temple (1/1) D:5

Altars:
Ashenzari
Cheibriados
Dithmenos
Elyvilon
Fedhas
Gozag
Hepliaklqana
Kikubaaqudgha
Makhleb
Nemelex Xobeh
Okawaru
Qazlal
Ru
Sif Muna
Trog
Uskayaw
Vehumet
Xom
Yredelemnul
Zin
The Shining One

Shops:
D:2 [:[:

Annotations:
D:6 2 transporters, Cancer's ghost, novice GrCj


Innate Abilities, Weirdness & Mutations

You have a pair of horns on your head.
You reflexively headbutt those who attack you in melee.


Message History

The orc warrior hits you with a +0 halberd!
The orc hits you but does no damage. x2
Your centaur zombie hits the orc priest.
Your centaur zombie barely misses the orc priest.
Your adder zombie barely misses the orc.
You block something's attack.
The orc priest hits you with a +0 hand axe.
The orc priest hits your centaur zombie with a +0 hand axe.
You barely miss the orc priest.
The orc priest is lightly wounded.
Your centaur zombie hits the orc priest but does no damage.
Your centaur zombie barely misses the orc priest.
The orc warrior hits you but does no damage.
Your adder zombie barely misses the orc.
You block the orc's attack. The orc hits you with a +0 flail.
Your spectral jelly barely misses something.
Something hits you but does no damage.
You are electrocuted!
The orc priest barely misses you. You furiously retaliate!
You headbutt the orc priest, but do no damage.
The orc priest hits your centaur zombie with a +0 hand axe.
You are too injured to fight recklessly!
Unknown command.
You hit the orc priest. Your headbutt misses the orc priest.
The orc priest is lightly wounded.
Your centaur zombie hits the orc priest.
Your centaur zombie kicks the orc priest but does no damage.
Your adder zombie bites the orc but does no damage.
The orc warrior hits you with a +0 halberd!
* * * LOW HITPOINT WARNING * * *
You block the orc's attack. The orc hits you but does no damage.
Your iguana zombie bites something!
Your spectral jelly hits something.
Something hits your iguana zombie.
The orc priest mumbles some strange prayers to Beogh against you.
Beogh smites you!
* * * LOW HITPOINT WARNING * * *
Your centaur zombie barely misses the orc priest.
Your centaur zombie kicks the orc priest but does no damage.
The orc warrior hits you from afar with a +0 halberd!
You die...
Your body rises from the dead as a mindless zombie.

########
#......#
#......#
#......#
#......#
#.ooo..######
#.ZZo.......#
#.@.........#
#.ZZZ....[..#
..#...........
...#...........
...........####
#...#......+
#...#......#
#.. #......#...
.....# #.
#......#....
.....#


You could see an orc warrior, an orc priest (ally target), 2 orcs, a friendly
spectral jelly, a friendly iguana zombie, a friendly adder zombie, a friendly
orc zombie and a friendly centaur zombie.

Vanquished Creatures
  A yak (D:5)
  A sky beast (D:5)
  3 black bears
  An ogre (D:6)
  2 centaurs
  A wyvern zombie (D:3)
  3 scorpions (D:5)
  A water moccasin zombie (D:5)
  A centaur zombie (D:5)
  A hound (D:5)
  A centaur skeleton (D:4)
  2 iguanas (D:6)
  A scorpion zombie (D:5)
  A hound skeleton (D:5)
  5 adders
  3 gnolls (D:2)
  A white imp (D:5)
  An ufetubus (D:5)
  2 adder skeletons (D:5)
  A worm (D:2)
  2 dart slugs
  2 orcs
  3 ball pythons
  4 endoplasms
  A goblin (D:3)
  9 hobgoblins
  4 jackals (D:3)
  A kobold (D:3)
  4 quokkas
  3 bats
  4 frilled lizards
  6 rats
76 creatures vanquished.

Vanquished Creatures (collateral kills)
  A jelly (D:6)
  An adder (D:6)
  An orc (D:6)
3 creatures vanquished.

Grand Total: 79 creatures vanquished

Notes
Turn   | Place    | Note
-------+----------+-------------------------------------------
     0 | D:1      | siradein the Minotaur Fighter began the quest for the Orb.
     0 | D:1      | Reached XP level 1. HP: 19/19 MP: 0/0
  1094 | D:2      | Reached XP level 2. HP: 23/27 MP: 1/1
  1211 | D:2      | You fall into a shaft and drop 2 floors!
  1217 | D:3      | Noticed a black bear
  1256 | D:3      | Found a hide-covered altar of Uskayaw.
  1312 | D:2      | Reached XP level 3. HP: 19/33 MP: 2/2
  1530 | D:2      | Found Migh's Book Boutique.
  1621 | D:2      | Found Gaestrobb's Book Shop.
  1633 | D:2      | Reached XP level 4. HP: 38/40 MP: 3/3
  1735 | D:2      | Found a faded altar of an unknown god.
  1815 | D:2      | Found Leliypiu's Armour Emporium.
  1928 | D:2      | Found Elok's Antique Armour Boutique.
  2077 | D:3      | Killed a black bear
  2078 | D:3      | Reached XP level 5. HP: 35/47 MP: 4/4
  2329 | D:3      | Reached skill level 5 in Fighting
  2329 | D:3      | Reached skill level 5 in Armour
  2329 | D:3      | Reached skill level 5 in Shields
  2786 | D:4      | Found a sacrificial altar of Ru.
  2881 | D:4      | Reached XP level 6. HP: 56/56 MP: 5/5
  2983 | D:4      | Found a blossoming altar of Fedhas.
  3002 | D:4      | Found a broken altar of Ashenzari.
  3005 | D:4      | Found a white marble altar of Elyvilon.
  3008 | D:4      | Found a hazy altar of Hepliaklqana.
  3058 | D:4      | Found a sparkling altar of Nemelex Xobeh.
  3536 | D:5      | Entered Level 5 of the Dungeon
  3978 | D:5      | Noticed a yak
  3986 | D:5      | Reached skill level 5 in Long Blades
  3993 | D:5      | Killed a yak
  3994 | D:5      | Reached XP level 7. HP: 43/62 MP: 6/6
  4313 | D:5      | Reached skill level 1 in Evocations
  4571 | D:5      | Reached XP level 8. HP: 64/71 MP: 7/7
  4605 | D:5      | Found a staircase to the Ecumenical Temple.
  4620 | Temple   | Entered the Ecumenical Temple
  4632 | Temple   | Became a worshipper of Yredelemnul the Dark
  5528 | D:6      | Reached * piety under Yredelemnul
  5540 | D:6      | Reached skill level 1 in Invocations
  5576 | D:6      | Found a transporter.
  5602 | D:6      | Found a transporter.
  5604 | D:6      | Noticed Cancer's ghost (novice GrCj)
  5604 | D:6      | Noticed a cyclops
  5638 | D:6      | Reached ** piety under Yredelemnul
  5676 | D:6      | HP: 2/71 [orc priest/divine providence (16)]
  5677 | D:6      | Slain by an orc warrior

Illustrated notes

Levels and vault maps discovered:
D:1:      psy_arrival_radial02, layout_basic, roderic_nine_men_s_morris
D:2:      layout_loops_ring, serial_shops, shop, shop, shop, shop,
          ebering_ecumenical_altar_hall
D:3:      layout_basic, mainiacjoe_overflow_paths, minmay_fountain_box
D:4:      layout_cave_pods, nicolae_ru_sacrificial_ziggurat,
          grunt_temple_overflow_cloverleaf, nemelex_diamond_rough_becter,
          supply_closet_lemuel
D:5:      layout_basic, minmay_temple_entry_waves, interstate_on_off,
          minmay_manual_mail
D:6:      layout_gridville, gammafunk_ghost_arena, serial_shops,
          kennysheep_mini_moat
Temple:   nicolae_temple_great_sept

Skill      XL: |  1  2  3  4  5  6  7  8 |
---------------+-------------------------+-----
Fighting       | 4 5 6 |  6.9
Armour         | 4 5 6 7 |  7.0
Shields        | 4 5 6 7 |  7.0
Long Blades    | 3 4 5 6 |  6.4
Evocations     | 1 2 |  2.1
Invocations    | 1 |  1.1

Action                   |  1- 3 |  4- 6 |  7- 9 || total
-------------------------+-------+-------+-------++-------
Melee: Long sword        |    45 |   118 |   101 ||   264
       Headbutt          |     7 |    21 |    12 ||    40
Throw: Throwing net      |       |     2 |       ||     2
Armor: Scale mail        |    26 |     6 |       ||    32
       Chain mail        |       |    87 |   101 ||   188
Dodge: Dodged            |    37 |    45 |    54 ||   136
Block: Buckler           |     8 |    34 |    50 ||    92

Table legend: (Time is in decaauts)
 A = Elapsed time spent in this place.
 B = Non-inter-level travel time spent in this place.
 C = Inter-level travel time spent in this place.
 D = Time resting spent in this place.
 E = Time spent auto-exploring this place.
 F = Levels seen in this place.
 G = Mean time per level.
                   A        B        C        D        E       F      G
               +--------+--------+--------+--------+--------+-----+--------+
         Total |   5723 |   5553 |    170 |      0 |   4748 |   7 |  817.6 |
       Dungeon |   5643 |   5482 |    161 |      0 |   4694 |   6 |  940.5 |
        Temple |     79 |     70 |      9 |      0 |     54 |   1 |   79.0 |
               +--------+--------+--------+--------+--------+-----+--------+

Top non-repeatable levels by time:
     D:5: 1816 daAuts
     D:1: 1091 daAuts
     D:4: 934 daAuts
     D:2: 849 daAuts
     D:3: 688 daAuts
     D:6: 262 daAuts
  Temple: 79 daAuts
